 Dungeon Crawl Stone Soup version 0.28-a0-265-g048bc9fd10 (webtiles) character file.

Game seed: 10648287026577595390

119 SkeletonJelly the Sneak (level 5, -1/30 HPs)
             Began as a Kobold Brigand on Aug 27, 2021.
             Slain by a hound (3 damage)
             ... on level 4 of the Dungeon.
             The game lasted 00:07:17 (3166 turns).

SkeletonJelly the Sneak (Kobold Brigand)            Turns: 3166, Time: 00:07:18

Health: -1/30      AC:  4    Str:  8    XL:     5   Next: 24%
Magic:  5/5        EV: 14    Int: 13    God:
Gold:   169        SH:  0    Dex: 17    Spells: 4/4 levels left

rFire   . . .      SeeInvis .   u - +1 dagger (speed)
rCold   . . .      Faith    .   (shield restricted)
rNeg    . . .      Spirit   .   b - +0 robe
rPois   .          Reflect  .   (no helmet)
rElec   .          Harm     .   c - +0 cloak
rCorr   .          Rampage  .   p - +0 pair of gloves
Will    +....                   (no boots)
Stlth   +++++.....              s - amulet of magic regeneration
HPRegen 0.10/turn               k - ring of willpower
MPRegen 0.34/turn               (no ring)

@: no status effects
A: small, no large weapons, nightstalker 3
a: no special abilities


You were on level 4 of the Dungeon.
You visited 1 branch of the dungeon, and saw 4 of its levels.

You collected 169 gold pieces.

Inventory:

Hand Weapons
 a - a +2 dagger
 u - a +1 dagger of speed (weapon)
Missiles
 d - 10 poisoned darts (quivered)
 e - 2 curare-tipped darts
 m - 5 datura-tipped darts
Armour
 b - a +0 robe (worn)
 c - a +0 cloak (worn)
 p - a +0 pair of gloves (worn)
 r - a +3 leather armour of willpower
Jewellery
 k - a ring of willpower (left hand)
 s - an amulet of magic regeneration (around neck)
Wands
 q - a wand of polymorph (1)
Scrolls
 f - a scroll of torment {unknown}
 g - 6 scrolls of identify {unknown}
 h - 2 scrolls of teleportation {unknown}
 i - a scroll of magic mapping {unknown}
 j - a scroll of fear {unknown}
 l - a scroll of amnesia {unknown}
 n - a scroll of blinking {unknown}
 t - a scroll of immolation {unknown}
Potions
 o - a potion of lignification {unknown}
 v - a potion of might {unknown}


   Skills:
 - Level 2.1 Fighting
 + Level 5.1 Short Blades
 - Level 2.1 Throwing
 - Level 1.2 Dodging
 + Level 7.1 Stealth


You had 4 spell levels left.
You didn't know any spells.
Your spell library contained the following spells:

 Spells                   Type           Power      Damage    Failure   Level
 Shock                    Conj/Air       0%         1d3       30%         1
 Static Discharge         Conj/Air       0%         N/A       43%         2
 Gell's Gravitas          Tloc           0%         N/A       67%         3


Dungeon Overview and Level Annotations

Branches:
Dungeon (4/15)
 Temple: D:4-7

Altars:

Shops:
D:2 *


Innate Abilities, Weirdness & Mutations

You are small and have problems with some larger weapons.
You are completely attuned to the shadows.


Message History

The quokka is severely wounded.
You hit the quokka but do no damage.
The quokka is severely wounded.
The quokka barely misses you.
You hit the quokka but do no damage.
The quokka is severely wounded.
You hit the quokka.
You kill the quokka!
No target in view!
No target in view!
No target in view!
No target in view!
There is a stone staircase leading down here.
You regained 2 hp, and now have 26/30 hp.
You climb downwards.
Found 10 gold pieces.
There is a stone staircase leading up here.
You barely miss the hound. The hound bites you but does no damage.
You hit the hound but do no damage. The hound barely misses you.
You barely miss the hound. You hit the hound but do no damage.
The hound closely misses you.
You hit the hound.
The hound is lightly wounded.
The hound misses you.
You hit the hound.
The hound is lightly wounded.
You barely miss the hound.
The hound is lightly wounded.
The hound closely misses you.
You hit the hound.
The hound is moderately wounded.
The hound bites you.
You take 3 damage, and have 24/30 hp.
You hit the hound.
The hound is moderately wounded.
You hit the hound.
The hound is heavily wounded.
The hound misses you.
You hit the hound.
The hound is heavily wounded.
The hound bites you.
You take 2 damage, and have 22/30 hp.
You closely miss the hound.
The hound is heavily wounded.
The hound bites you.
You take 4 damage, and have 18/30 hp.
You hit the hound.
The hound is heavily wounded.
You barely miss the hound.
The hound is heavily wounded.
The hound bites you.
You take 4 damage, and have 14/30 hp.
You are too injured to fight recklessly!
You are too injured to fight recklessly!
You are too injured to fight recklessly!
You are too injured to fight recklessly!
You are too injured to fight recklessly!
You are too injured to fight recklessly!
You barely miss the hound.
The hound is heavily wounded.
The hound bites you but does no damage.
You hit the hound.
The hound is severely wounded.
The hound barely misses you.
You hit the hound but do no damage.
The hound is severely wounded.
You barely miss the hound.
The hound is severely wounded.
The hound bites you.
You take 2 damage, and have 13/30 hp.
You closely miss the hound.
The hound is severely wounded.
The hound bites you.
* * * LOW HITPOINT WARNING * * *
You hit the hound but do no damage.
The hound is severely wounded.
The hound bites you.
* * * LOW HITPOINT WARNING * * *
You barely miss the hound.
The hound is severely wounded.
You miss the hound.
The hound is severely wounded.
The hound bites you but does no damage.
You take 8 damage, and have 5/30 hp.
MASSIVE DAMAGE!!
You barely miss the hound.
The hound is severely wounded.
The hound barely misses you.
You hit the hound but do no damage.
The hound is severely wounded.
The hound completely misses you.
You completely miss the hound.
The hound is severely wounded.
You closely miss the hound.
The hound is severely wounded.
The hound bites you.
* * * LOW HITPOINT WARNING * * *
You hit the hound but do no damage.
The hound is severely wounded.
The hound bites you.
You die...

#########
#.......#
#.......#
#.h@<...$
#.......#
#.......#
#.......#
#.......#


You could see a hound.

Vanquished Creatures
  Ijyb (D:3)
  3 adders (D:3)
  2 dart slugs
  An orc (D:3)
  6 ball pythons
  6 endoplasms
  2 giant cockroaches
  5 goblins
  4 hobgoblins
  4 jackals (D:2)
  6 kobolds
  A quokka (D:3)
  9 bats
  4 frilled lizards
  3 rats
57 creatures vanquished.

Notes
Turn   | Place    | Note
-------+----------+-------------------------------------------
     0 | D:1      | SkeletonJelly the Kobold Brigand began the quest for the
                  | Orb.
     0 | D:1      | Reached XP level 1. HP: 12/12 MP: 1/1
   214 | D:1      | Reached XP level 2. HP: 17/17 MP: 2/2
   799 | D:1      | Reached XP level 3. HP: 19/21 MP: 3/3
   841 | D:1      | Reached skill level 6 in Stealth
  1556 | D:2      | Found Cikh's Assorted Antiques.
  2194 | D:3      | Reached XP level 4. HP: 26/26 MP: 4/4
  2432 | D:3      | Noticed Ijyb
  2476 | D:3      | Killed Ijyb
  2477 | D:3      | Reached XP level 5. HP: 21/30 MP: 5/5
  2653 | D:3      | Got the Handbook of the Compass and Flight
  2665 | D:3      | Reached skill level 7 in Stealth
  2776 | D:3      | Reached skill level 5 in Short Blades
  3166 | D:4      | Slain by a hound

Illustrated notes

Levels and vault maps discovered:
D:1:      dpeg_arrival_boxorama, layout_basic
D:2:      layout_basic, serial_shops, nicolae_shop_crystal
D:3:      layout_rooms, st_stairs_6, uniq_ijyb
D:4:      layout_basic

Skill      XL: |  1  2  3  4  5 |
---------------+----------------+-----
Short Blades   | 3 4 5 |  5.1
Stealth        | 6 7 |  7.1
Fighting       | |  2.1
Throwing       | |  2.1
Dodging        | |  1.2

Action                   |  1- 3 |  4- 6 || total
-------------------------+-------+-------++-------
Melee: Dagger            |    85 |   105 ||   190
       Unarmed           |       |     9 ||     9
 Stab: Sleeping          |    24 |    12 ||    36
Armor: Robe              |    21 |    14 ||    35
       Skin              |       |     3 ||     3
Dodge: Dodged            |    53 |    39 ||    92

Table legend: (Time is in decaauts)
 A = Elapsed time spent in this place.
 B = Non-inter-level travel time spent in this place.
 C = Inter-level travel time spent in this place.
 D = Time resting spent in this place.
 E = Time spent auto-exploring this place.
 F = Levels seen in this place.
 G = Mean time per level.
                   A        B        C        D        E       F      G
               +--------+--------+--------+--------+--------+-----+--------+
         Total |   3114 |   3010 |    104 |      0 |   2534 |   4 |  778.5 |
       Dungeon |   3114 |   3010 |    104 |      0 |   2534 |   4 |  778.5 |
               +--------+--------+--------+--------+--------+-----+--------+

Top non-repeatable levels by time:
     D:1: 1153 daAuts
     D:2: 990 daAuts
     D:3: 838 daAuts
     D:4: 131 daAuts
